Map: Eastwatch LE

Players

Bly - Winner!

  • Race: Zerg Zerg
  • Spawn Location: 1:00

SpeCial

  • Race: Terran Terran
  • Spawn Location: 7:00

Event: IEM Season 12 - PyeongChang

VOD

Have the link to the VOD?

Description

Time

  • Played on: Feb. 6, 2018, 1:02 a.m.
  • Length: 8:50

All games in this series

Show
View Real Time Build Order
Export as new Build Order

Bly Zerg - Winner!

Build Orders: Hatch First, Roach Nydus 

Get SALT Encoding   

  12  0:01  Drone  
  13  0:12  Overlord  
  13  0:17  Drone  
  14  0:30  Drone x2  
  14  0:35  Drone  
  17  0:52  Hatchery  
  17  0:55  Drone  
  17  0:59  Drone  
  17  1:02  Extractor  
  17  1:14  Spawning Pool  
  17  1:17  Drone  
  17  1:20  Drone  
  18  1:27  Drone  
  19  1:39  Overlord  
  19  1:49  Drone  
  20  2:01  Queen  
  20  2:03  Zergling x2  
  20  2:04  Queen  
  20  2:05  Zergling x2  
  20  2:07  Metabolic Boost  
  26  2:11  Drone  
  27  2:21  Drone  
  28  2:24  Drone  
  28  2:28  Drone  
  30  2:36  Hatchery  
  29  2:40  Drone  
  30  2:46  Drone x2  
  30  2:50  Queen  
  34  3:01  Overlord, Drone  
  35  3:05  Drone  
  36  3:20  Overlord  
  36  3:22  Lair  
  36  3:41  Roach Warren, Queen, Drone x4  
  39  3:42  Extractor  
  39  3:50  Drone x3  
  39  3:51  Drone x3  
  39  3:53  Extractor  
  44  3:57  Drone x3  
  47  4:07  Zergling x2  
  47  4:08  Zergling x4  
  50  4:17  Overlord  
  50  4:23  Nydus Network  
  49  4:31  Roach x4  
  57  4:32  Overlord x2  
  57  4:50  Roach x2  
  57  4:51  Roach x2  
  64  5:02  Nydus Canal  
  63  5:08  Roach x4  
  70  5:14  Queen  
  70  5:16  Zergling x4  
  70  5:17  Zergling x6  
  70  5:20  Overlord  
  77  5:28  Nydus Canal  
  66  5:45  Roach x2  
  66  5:49  Drone x2  
  63  5:50  Drone x3  
  57  5:59  Drone x2  
  57  6:02  Roach  
  57  6:03  Roach x2  
  60  6:18  Drone  
  60  6:19  Drone x2  
  60  6:22  Glial Reconstitution  
  60  6:25  Drone x5  
  63  6:31  Drone  
  64  6:36  Drone  
  64  6:39  Drone  
  65  6:43  Infestation Pit, Evolution Chamber  
  65  6:46  Overlord  
  63  6:48  Drone x2  
  63  6:49  Spore Crawler  
  64  6:59  Roach x3  
  70  7:05  Drone  
  70  7:07  Drone  
  72  7:08  Extractor  
  72  7:09  Spore Crawler  
  72  7:13  Roach x4  
  78  7:19  Ravager  
  78  7:20  Roach  
  81  7:26  Zergling x2  
  81  7:27  Overlord  
  82  7:34  Overlord x2  
  82  7:42  Overlord  
  82  7:45  Zergling x2  
  82  7:46  Overlord x2  
  82  7:50  Overlord  
  81  7:51  Overlord  
  81  8:02  Roach  
  81  8:03  Roach x5  
  73  8:10  Roach  
  73  8:11  Roach x2  
  73  8:17  Roach x2  
  73  8:19  Roach  
  78  8:22  Roach x3  
  82  8:31  Roach x3  
  82  8:33  Ravager x3  
  89  8:42  Nydus Canal  
Show
View Real Time Build Order
Export as new Build Order

SpeCial Terran 

Build Orders: Hellion Opening, Reaper Expand 

Get SALT Encoding   

  12  0:00  SCV  
  13  0:12  SCV  
  14  0:17  Supply Depot  
  14  0:24  SCV  
  15  0:38  SCV  
  15  0:40  Barracks  
  16  0:44  Refinery  
  16  0:50  SCV  
  17  1:02  SCV  
  18  1:15  SCV  
  19  1:27  Reaper  
  19  1:28  Orbital Command  
  20  1:39  Command Center  
  20  1:54  SCV, Supply Depot  
  21  1:59  Marine  
  22  2:05  Factory  
  22  2:06  SCV  
  23  2:15  Refinery  
  23  2:18  SCV  
  24  2:23  Barracks Reactor  
  24  2:30  SCV  
  25  2:42  SCV  
  26  2:50  Starport  
  26  2:55  SCV  
  26  2:56  Orbital Command  
  27  3:06  Hellion x2  
  27  3:07  SCV  
  27  3:08  Barracks Tech Lab  
  32  3:16  Supply Depot  
  32  3:19  SCV  
  33  3:23  SCV  
  34  3:27  Hellion  
  34  3:28  Hellion  
  34  3:31  SCV  
  39  3:35  SCV  
  39  3:37  Raven  
  41  3:43  SCV  
  42  3:49  SCV  
  42  3:53  Supply Depot  
  42  3:55  SCV, Hellion x2  
  48  4:00  Barracks Tech Lab  
  48  4:02  SCV  
  49  4:07  SCV  
  50  4:14  SCV  
  51  4:19  SCV  
  51  4:20  Marine  
  51  4:21  Command Center  
  53  4:26  SCV  
  54  4:31  SCV  
  54  4:35  Supply Depot  
  54  4:38  SCV, Marine  
  55  4:43  SCV  
  57  4:48  Starport Reactor  
  57  4:49  Barracks  
  57  4:50  SCV, Barracks  
  58  4:56  SCV, Marine  
  63  5:00  Siege Tank  
  63  5:02  SCV  
  64  5:07  Bunker  
  64  5:08  SCV  
  64  5:12  Liberator  
  64  5:14  Marine  
  65  5:15  SCV  
  65  5:20  SCV  
  66  5:31  Marine  
  66  5:33  Siege Tank  
  71  5:36  Marine  
  71  5:37  Marine  
  71  5:41  SCV  
  61  5:44  Marine  
  61  5:49  Marine  
  42  5:54  Marine x2  
  34  6:06  SCV x2  
  34  6:11  Marine  
  34  6:31  SCV  
  33  6:44  Orbital Command  
  33  6:46  SCV  
  34  6:50  Marine  
  34  6:53  Marine  
  34  6:54  Marine  
  37  6:58  Marine  
  38  7:03  SCV  
  38  7:06  SCV  
  38  7:08  Marine  
  41  7:11  Marine  
  41  7:15  Marine  
  43  7:16  Marine  
  44  7:26  Marine  
  44  7:27  SCV  
  44  7:29  Marine  
  45  7:33  Marine  
  45  7:34  Marine  
  45  7:35  SCV x2  
  49  7:43  Marine  
  50  7:47  Marine  
  50  7:50  Siege Tank  
  50  7:51  Marine x2  
  56  8:01  Marine  
  56  8:05  Marine  
  47  8:08  SCV x2, Marine  
  47  8:09  Marine  
  44  8:19  SCV, Marine  
  46  8:20  SCV  
  46  8:22  Marine  
  46  8:26  Marine  
  49  8:27  Marine  
  49  8:33  SCV x3  

Tags
 
Add a new tag
Caveats
  • Supply blocks, unpowered buildings, or Contaminate may cause inaccurate times.
  • Supply counts are checked every 10 seconds.